 Dungeon Crawl Stone Soup version 0.32-a0-841-g4648e6c457 (webtiles) character file.

Game seed: 1391327322792786554

230 ezpacito the Chopper (level 6, -5/48 HPs)
             Began as a Coglin Chaos Knight on Mar 27, 2024.
             Was a Plaything of Xom.
             Slain by Duvessa
             ... wielding a +2 rapier of speed
              (12 damage)
             ... on level 4 of the Dungeon.
             The game lasted 00:03:23 (2524 turns).

ezpacito the Chopper (Coglin Chaos Knight)          Turns: 2524, Time: 00:03:23

Health: -5/48      AC:  5    Str: 12    XL:     6   Next: 3%
Magic:  7/7        EV: 11    Int: 12    God:    Xom [......]
Gold:   185        SH:  0    Dex: 13    Spells: 7/7 levels left

rFire   . . .        a - +0 hand axe (chaos) {Ana}
rCold   . . .        f - +0 short sword (venom) {Decima}
rNeg    . . .        b - +2 leather armour
rPois   .            (no helmet)
rElec   .            (no cloak)
rCorr   .            (no gloves)
SInv    +            (no boots)
Will    +....        (amulet unavailable)
Stlth   +            (ring unavailable)
HPRegen 0.28/turn    (ring unavailable)
MPRegen 0.10/turn    (no gizmo)

%: no passive effects
@: mighty, enlightened, flying, revving
A: off-hand wielding, slow wielding, warmup strikes, no jewellery, see
invisible, mutation resistance 1, weak 1, subdued magic 1
a: Invent Gizmo, Renounce Religion


You were on level 4 of the Dungeon.
You worshipped Xom.
You were a very special plaything of Xom.
You visited 1 branch of the dungeon, and saw 4 of its levels.

You collected 219 gold pieces.
You spent 34 gold pieces at shops.

Inventory:

Hand Weapons
 a - a +0 hand axe of chaos (weapon) {Ana}
 f - a +0 short sword of venom (offhand) {Decima}
 o - a +0 spear
Missiles
 l - 13 poisoned darts (quivered)
Armour
 b - a +2 leather armour (worn)
Scrolls
 d - a scroll of identify {unknown}
 g - 2 scrolls of blinking {unknown}
 i - 2 scrolls of revelation {unknown}
 j - a scroll of enchant armour {unknown}
 m - a scroll of fear {unknown}
 n - a scroll of torment {unknown}
 r - a scroll of teleportation {unknown}
Potions
 k - a potion of cancellation


   Skills:
 * Level 3.8 Fighting
 * Level 3.9(4.1) Axes
 + Level 1.2(2.6) Polearms
 * Level 2.7 Armour
 * Level 2.3 Dodging
 + Level 1.0 Stealth
 + Level 1.1 Spellcasting


You had 7 spell levels left.
You didn't know any spells.
Your spell library was empty.

Dungeon Overview and Level Annotations

Branches:
Dungeon (4/15)
 Temple: D:4-7

Altars:
Hepliaklqana

Shops:
D:1 !*

Annotations:
D:4 Dowan, Duvessa


Innate Abilities, Weirdness & Mutations

You can wield a second weapon in your off-hand.
It takes a long time for you to wield or remove held weapons.
Your first few attacks do less damage.
You cannot equip rings or amulets.
You have supernaturally acute eyesight. (SInv)
You are somewhat resistant to further mutation.
You are weak. (Str -2)
Your spells are a little easier to cast, but a little less powerful.


Message History

You feel very mighty all of a sudden.
Xom thinks this is hilarious!
Duvessa closely misses your butterfly. The ball python bites you.
Duvessa hits your butterfly with a +2 rapier of speed.
Your butterfly dies!
Your butterfly disappears in a burst of colours!
Dowan gestures wildly while chanting.
Dowan blinks!
You take 2 damage, and have 21/48 hp.
Unknown command.
You feel better.
The ball python bites you but does no damage.
The ball python grabs you. The ball python constricts you.
Duvessa hits you with a +2 rapier of speed.
You barely miss Duvessa with your +0 short sword of venom.
Duvessa is moderately wounded.
You hit Duvessa with your +0 hand axe of chaos.
Duvessa looks even sicker.
You slash the ball python with your +0 hand axe of chaos!
You kill the ball python!
Duvessa gestures with her weapon.
Duvessa barely misses you.
Duvessa hits you with a +2 rapier of speed!
You take 7 damage, and have 15/48 hp.
You slash Duvessa with your +0 hand axe of chaos!
Duvessa is heavily wounded.
You hit Duvessa but do no damage. Duvessa closely misses you.
Duvessa hits you with a +2 rapier of speed!
* * * LOW HITPOINT WARNING * * *
Duvessa barely misses you.
You take 7 damage, and have 8/48 hp.
You slash Duvessa with your +0 hand axe of chaos!
You freeze Duvessa.
Duvessa is almost dead.
You barely miss Duvessa with your +0 short sword of venom.
Duvessa hits you with a +2 rapier of speed.
* * * LOW HITPOINT WARNING * * *
Duvessa hits you with a +2 rapier of speed!
You die...
Xom is highly amused!

## #. #b
####
#b#.bb#.b.
#@eb..#
##..e##
###.# .#


You could see Duvessa (fast, very poisoned, drained, ally target) and Dowan.

Vanquished Creatures
  A boggart (shapeshifter) (D:4)
  2 bombardier beetles
  An adder (D:4)
  A ribbon worm (D:2)
  2 dart slugs
  6 orcs (D:4)
  7 endoplasms
  2 giant cockroaches
  6 goblins
  4 hobgoblins
  3 jackals (D:3)
  7 kobolds
  3 quokkas
  7 ball pythons
  5 bats
  A frilled lizard (D:1)
  6 rats
64 creatures vanquished.

Notes
Turn   | Place    | Note
-------+----------+-------------------------------------------
     0 | D:1      | ezpacito the Coglin Chaos Knight began the quest for the
                  | Orb.
     0 | D:1      | Reached XP level 1. HP: 18/18 MP: 1/1
     2 | D:1      | XOM: divination: detect items
   113 | D:1      | Found Vodauno's Assorted Antiques.
   122 | D:1      | Bought a fuming pink potion for 20 gold pieces
   162 | D:1      | Reached skill level 1 in Dodging
   215 | D:1      | Reached XP level 2. HP: 24/24 MP: 2/2
   340 | D:1      | XOM: summons 2 hostile demons
   341 | D:1      | Noticed a crimson imp
   411 | D:1      | Found Seunis's Distillery.
   418 | D:1      | XOM: enchant monster (bad)
   423 | D:1      | Bought a potion of degeneration for 14 gold pieces
   566 | D:1      | XOM: 7-stop teleportation journey
   683 | D:1      | Reached XP level 3. HP: 24/29 MP: 3/3
   871 | D:2      | Found a faded altar of an unknown god.
  1023 | D:2      | XOM: give mutations
  1023 | D:2      | Gained mutation: You are weak. (Str -2) [Xom's mischief]
  1023 | D:2      | Gained mutation: You have supernaturally acute eyesight.
                  | (SInv) [Xom's mischief]
  1023 | D:2      | Gained mutation: Your spells are a little easier to cast,
                  | but a little less powerful. [Xom's mischief]
  1023 | D:2      | Gained mutation: You are somewhat resistant to further
                  | mutation. [Xom's mischief]
  1158 | D:2      | XOM is BORED!
  1741 | D:3      | Reached XP level 4. HP: 35/35 MP: 4/4
  1926 | D:3      | XOM: 2-stop teleportation journey
  2221 | D:3      | Found a hazy altar of Hepliaklqana.
  2267 | D:4      | an orc wizard changed into a glowing shapeshifter
  2267 | D:4      | Noticed a glowing shapeshifter
  2267 | D:4      | XOM: polymorph orc wizard -> glowing shapeshifter
  2268 | D:4      | a glowing shapeshifter changed into a boggart
  2268 | D:4      | Noticed a boggart (glowing shapeshifter)
  2270 | D:4      | Killed a boggart
  2271 | D:4      | Reached skill level 1 in Polearms
  2271 | D:4      | Reached XP level 5. HP: 42/42 MP: 4/6
  2332 | D:4      | Reached skill level 1 in Spellcasting
  2426 | D:4      | Reached skill level 1 in Stealth
  2426 | D:4      | Reached XP level 6. HP: 43/48 MP: 7/7
  2511 | D:4      | Noticed Duvessa
  2511 | D:4      | Noticed Dowan
  2511 | D:4      | XOM: 4-stop teleportation journey
  2524 | D:4      | Slain by Duvessa

Illustrated notes

Levels and vault maps discovered:
D:1:      dpeg_arrival_ratfight, layout_loops_ring, serial_shops, shop,
          nicolae_shop_gibbet_a_chance, minmay_statues_item
D:2:      layout_loops_ring, shapermc_ecumenical_altar_gd
D:3:      layout_basic, mainiacjoe_overflow_alcove_4, serial_bayou,
          serial_bayou_lagoon_b, serial_bayou_pond_d, serial_bayou_ford_a,
          serial_bayou_pond_a
D:4:      nicolae_cairo_tiling, layout_basic, uniq_duvessa

Skill      XL: |  1  2  3  4  5 |
---------------+----------------+-----
Dodging        | 1 2 |  2.3
Armour         | 2 |  2.7
Polearms       | 1 |  1.2
Spellcasting   | 1 |  1.1
Stealth        | 1 |  1.0
Fighting       | |  3.8
Axes           | |  3.9

Action                     |  1- 3 |  4- 6 || total
---------------------------+-------+-------++-------
  Melee: Hand axe          |    86 |    41 ||   127
         Dagger            |    32 |       ||    32
         Short sword       |    49 |    39 ||    88
    Use: Potion            |       |     6 ||     6
         Scroll            |       |     1 ||     1
   Stab: Sleeping          |       |     1 ||     1
 Armour: Leather armour    |    62 |    35 ||    97
  Dodge: Dodged            |    43 |    27 ||    70

Table legend: (Time is in decaauts)
 A = Elapsed time spent in this place.
 B = Non-inter-level travel time spent in this place.
 C = Inter-level travel time spent in this place.
 D = Time resting spent in this place.
 E = Time spent auto-exploring this place.
 F = Levels seen in this place.
 G = Mean time per level.
                   A        B        C        D        E       F      G
               +--------+--------+--------+--------+--------+-----+--------+
         Total |   2566 |   2469 |     97 |      0 |   2062 |   4 |  641.5 |
       Dungeon |   2566 |   2469 |     97 |      0 |   2062 |   4 |  641.5 |
               +--------+--------+--------+--------+--------+-----+--------+

Top non-repeatable levels by time:
     D:1: 860 daAuts
     D:3: 725 daAuts
     D:2: 705 daAuts
     D:4: 275 daAuts
